 Dungeon Crawl Stone Soup version 0.31.0 (webtiles) character file.

Game seed: 13251815203759807329

433 qw the Shooter (level 7, -5/43 HPs)
             Began as a Gargoyle Hunter on Jan 19, 2024.
             Slain by Pikel
             ... wielding a +1 whip of freezing
              (7 damage)
             ... on level 4 of the Dungeon.
             The game lasted 00:00:19 (2310 turns).

qw the Shooter (Gargoyle Hunter)                    Turns: 2310, Time: 00:00:19

Health: -5/43      AC: 17    Str: 14    XL:     7   Next: 0%
Magic:  7/7        EV: 10    Int: 10    God:
Gold:   96         SH:  0    Dex: 15    Spells: 6/6 levels left

rFire   . . .        a - +0 shortbow (chaos)
rCold   . . .        (shield currently unavailable)
rNeg    + . .        b - +0 ring mail
rPois   inf          c - +2 helmet
rElec   +            (no cloak)
rCorr   .            (no gloves)
SInv    .            (no boots)
Will    .....        (no amulet)
Stlth   +            d - +4 ring of protection
HPRegen 0.27/turn    (no ring)
MPRegen 0.10/turn

%: no passive effects
@: no status effects
A: sickness immunity, AC +4, negative energy resistance 1, electricity
resistance, torment resistance 1, petrification resistance
a: no special abilities


You were on level 4 of the Dungeon.
You visited 1 branch of the dungeon, and saw 4 of its levels.

You collected 132 gold pieces.
You spent 36 gold pieces at shops.


Innate Abilities, Weirdness & Mutations

You are immune to sickness and miasma.
Your stone body is resilient. (AC +4)
You are immune to poison.
You resist negative energy. (rN+)
You are resistant to electric shocks. (rElec)
You are resistant to unholy torment.
You are immune to petrification.


   Skills:
 - Level 4.2 Fighting
 + Level 7.2 Ranged Weapons
 - Level 1.0 Armour
 - Level 1.5 Dodging
 - Level 1.1 Stealth


You had 6 spell levels left.
You didn't know any spells.
Your spell library was empty.

Inventory:

Hand Weapons
 a - a +0 shortbow of chaos (weapon)
Armour
 b - a +0 ring mail (worn)
 c - a +2 helmet (worn)
Jewellery
 d - a +4 ring of protection (left hand)
 e - a ring of magical power
 n - a +6 ring of intelligence
Wands
 g - a wand of flame (4) (quivered)
Scrolls
 i - a scroll of teleportation {unknown}
Potions
 f - a potion of haste
 h - a potion of attraction {unknown}
 j - a potion of curing
 k - a potion of brilliance {unknown}
 l - a potion of enlightenment {unknown}
 m - a potion of heal wounds
 o - a potion of might {unknown}

Dungeon Overview and Level Annotations

Branches:
Dungeon (4/15)
 Temple: D:4-7

Altars:
Ashenzari
Fedhas
Nemelex Xobeh

Shops:
D:2 (=((!   D:3 :==[:

Annotations:
D:4 Pikel


Message History

Pikel hits you with a +1 whip of freezing!
Pikel freezes you. The hound closely misses you.
2306 ||| ZAPPING wand of flame (9) at 0,-1 (Pikel; floor).
Aiming: Throw Flame
Press: ? - help, Q - select action, (/) - cycle Shift-Dir - straight line, f/p - Pikel The puff of flame hits Pikel.
Pikel is severely wounded.
The hound bites you but does no damage. Pikel closely misses you.
2307 ||| ZAPPING wand of flame (8) at 0,-1 (Pikel; floor).
Aiming: Throw Flame
Press: ? - help, Q - select action, (/) - cycle Shift-Dir - straight line, f/p - Pikel The puff of flame hits Pikel.
Pikel is almost dead.
The hound bites you but does no damage.
Pikel hits you with a +1 whip of freezing.
Pikel freezes you. The hound closely misses you.
2308 ||| ZAPPING wand of flame (7) at 0,-1 (Pikel; floor).
Aiming: Throw Flame
Press: ? - help, Q - select action, (/) - cycle Shift-Dir - straight line, f/p - Pikel The puff of flame hits Pikel.
Pikel is almost dead.
The hound barely misses you. Pikel hits you but does no damage.
2309 ||| ZAPPING wand of flame (6) at 0,-1 (Pikel; floor).
Aiming: Throw Flame
Press: ? - help, Q - select action, (/) - cycle Shift-Dir - straight line, f/p - Pikel The puff of flame misses Pikel.
The puff of flame hits the lemure.
You kill the lemure!
That felt strangely unrewarding.
The hound bites you but does no damage. Pikel hits you but does no damage.
The hound bites you but does no damage.
2310 ||| ZAPPING wand of flame (5) at 0,-1 (Pikel; floor).
Aiming: Throw Flame
Press: ? - help, Q - select action, (/) - cycle Shift-Dir - straight line, f/p - Pikel The puff of flame misses Pikel.
The puff of flame hits the lemure.
The lemure is moderately wounded.
The hound bites you but does no damage.
Pikel hits you with a +1 whip of freezing!
Pikel freezes you!
You die...
Pikel says, "Another soul for the market."

#####...##..........##
#........##.....#..##
#.........##.###..##
#......#...####..##
#....)..##..##).##
#........##....##
####....####55##
###### #K## #@# #h#
.J# (... #.... #.....
#..... #......


You could see Pikel (strong), 2 lemures, a hound and an endoplasm.

Vanquished Creatures
  2 lemures (D:4)
  2 phantoms
  An orc priest (D:3)
  Natasha (thrice) (D:3)
  Robin (D:3)
  5 adders
  3 gnolls (D:3)
  5 dart slugs
  2 ribbon worms
  5 orcs (D:3)
  6 endoplasms
  3 giant cockroaches
  9 goblins
  5 hobgoblins
  3 jackals (D:2)
  6 quokkas
  5 ball pythons
  4 bats
  2 frilled lizards
  10 kobolds
  9 rats
91 creatures vanquished.

Notes
Turn   | Place    | Note
-------+----------+-------------------------------------------
     0 | D:1      | qw the Gargoyle Hunter began the quest for the Orb.
     0 | D:1      | Reached XP level 1. HP: 12/12 MP: 1/1
     0 | D:1      | 0 ||| qw: Version: 0.3-a-132-g3d54051
     0 | D:1      | 0 ||| qw: Game counter: 177
     0 | D:1      | 0 ||| qw: Melee chars always use a shield: true
     0 | D:1      | 0 ||| qw: God list: Okawaru
     0 | D:1      | 0 ||| qw: Allow faded altars: false
     0 | D:1      | 0 ||| qw: Do Orc after clearing Dungeon:15 true
     0 | D:1      | 0 ||| qw: Do second Lair branch before Depths: true
     0 | D:1      | 0 ||| qw: Lair rune preference: random
     0 | D:1      | 0 ||| qw: Goals: Normal
     0 | D:1      | 0 ||| PLANNING D:1-11
   102 | D:1      | Reached XP level 2. HP: 17/17 MP: 2/2
   338 | D:1      | Reached XP level 3. HP: 21/21 MP: 3/3
   355 | D:1      | Reached skill level 5 in Ranged Weapons
   456 | D:1      | 456 ||| READING scroll labelled YKOIMENEPU.
   456 | D:1      | 456 ||| BRANDING +0 shortbow.
   457 | D:1      | 457 ||| READING scroll labelled TYR QAMMEO.
   458 | D:1      | 458 ||| DROPPING scroll of butterflies.
   484 | D:2      | Found Osunyoti's Jewellery Emporium.
   488 | D:2      | 488 ||| SHOPLISTING +4 ring of slaying (858 gold, have 44).
   488 | D:2      | 488 ||| SHOPLISTING ring of Ogisuet {rC+ rCorr Dex+5} (489
                  | gold, have 44).
   608 | D:2      | Found Delaes's Weapon Shoppe.
   740 | D:2      | Found Seyweim's Distillery.
   754 | D:2      | 754 ||| SHOPLISTING potion of cancellation (96 gold, have
                  | 73).
   754 | D:2      | 754 ||| BUYING potion of curing (36 gold).
   754 | D:2      | Bought a potion of curing for 36 gold pieces
   754 | D:2      | 754 ||| SHOPLISTING potion of enlightenment (60 gold, have
                  | 37).
   754 | D:2      | 754 ||| SHOPLISTING potion of heal wounds (60 gold, have
                  | 37).
   798 | D:2      | Found Xifiwo's Antique Weapon Emporium.
   851 | D:2      | Reached skill level 3 in Fighting
   857 | D:2      | Found Honluwuu's Weapon Boutique.
   909 | D:2      | Reached XP level 4. HP: 26/28 MP: 4/4
   943 | D:2      | 943 ||| FLEEEEING.
  1046 | D:2      | 1046 ||| UPGRADING to +0 ring mail.
  1056 | D:2      | 1056 ||| DROPPING +0 leather armour.
  1057 | D:2      | 1057 ||| UPGRADING to +4 ring of protection.
  1058 | D:2      | 1058 ||| DRINKING 2 coppery potions.
  1059 | D:2      | 1059 ||| DRINKING 2 puce potions.
  1060 | D:2      | 1060 ||| DROPPING potion of degeneration.
  1087 | D:3      | Found Pazar's Jewellery Shop.
  1089 | D:3      | 1089 ||| STAIRDANCE
  1093 | D:3      | 1093 ||| STAIRDANCE
  1108 | D:3      | 1108 ||| STAIRDANCE
  1117 | D:2      | Reached skill level 1 in Armour
  1132 | D:3      | 1132 ||| SHOPLISTING ring of positive energy (220 gold,
                  | have 37).
  1132 | D:3      | 1132 ||| SHOPLISTING ring of protection from cold (275
                  | gold, have 37).
  1132 | D:3      | 1132 ||| SHOPLISTING ring of resist corrosion (220 gold,
                  | have 37).
  1132 | D:3      | 1132 ||| SHOPLISTING ring of see invisible (165 gold, have
                  | 37).
  1142 | D:3      | Noticed Natasha
  1150 | D:3      | Killed Natasha
  1151 | D:3      | Reached XP level 5. HP: 32/32 MP: 5/5
  1172 | D:3      | Noticed Robin
  1191 | D:3      | Reached skill level 6 in Ranged Weapons
  1200 | D:3      | HP: 6/32 [Robin/puff of flame (4)]
  1201 | D:3      | 1201 ||| DRINKING potion of heal wounds.
  1202 | D:3      | Killed Robin
  1219 | D:3      | 1219 ||| FLEEEEING.
  1393 | D:3      | Found Huirchuo's Book Shop.
  1396 | D:3      | Found Quda's Antique Armour Boutique.
  1407 | D:3      | 1407 ||| SHOPLISTING crude robe (142 gold, have 37).
  1417 | D:3      | Found Romaza's Jewellery Emporium.
  1424 | D:3      | 1424 ||| SHOPLISTING amulet of faith (560 gold, have 37).
  1424 | D:3      | 1424 ||| SHOPLISTING ring "Jupo Bei" {rC++ Will+ AC+4 Str-2
                  | Dex+3} (954 gold, have 37).
  1424 | D:3      | 1424 ||| SHOPLISTING ring of protection from fire (350
                  | gold, have 37).
  1424 | D:3      | 1424 ||| SHOPLISTING ring of willpower (350 gold, have 37).
  1548 | D:3      | Noticed Natasha
  1559 | D:3      | Killed Natasha
  1577 | D:3      | Noticed Natasha
  1578 | D:3      | Killed Natasha
  1579 | D:3      | Reached XP level 6. HP: 38/38 MP: 6/6
  1621 | D:3      | Found Gaoceyhi's Book Emporium.
  1802 | D:3      | 1802 ||| STAIRDANCE
  1804 | D:2      | 1804 ||| FLEEEEING.
  1821 | D:2      | 1821 ||| UPGRADING to +2 helmet.
  1826 | D:2      | 1826 ||| READING 2 scrolls labelled CAHAAS YSKA.
  1826 | D:2      | 1826 ||| IDENTIFYING smoky emerald potion
  1827 | D:2      | 1827 ||| READING scroll of identify.
  1827 | D:2      | 1827 ||| IDENTIFYING metallic inky potion
  1828 | D:2      | 1828 ||| READING scroll labelled SEINOU PAGO.
  1829 | D:2      | 1829 ||| DROPPING potion of ambrosia.
  1855 | D:3      | Found a broken altar of Ashenzari.
  1855 | D:3      | Found a blossoming altar of Fedhas.
  2035 | D:3      | Found a sparkling altar of Nemelex Xobeh.
  2257 | D:4      | Reached skill level 7 in Ranged Weapons
  2257 | D:4      | Reached XP level 7. HP: 43/43 MP: 7/7
  2262 | D:4      | Noticed Pikel
  2268 | D:4      | 2268 ||| RETREEEEATING.
  2269 | D:4      | 2269 ||| RETREEEEATING.
  2270 | D:4      | 2270 ||| RETREEEEATING.
  2271 | D:4      | 2271 ||| RETREEEEATING.
  2272 | D:4      | 2272 ||| RETREEEEATING.
  2273 | D:4      | 2273 ||| RETREEEEATING.
  2274 | D:4      | 2274 ||| RETREEEEATING.
  2275 | D:4      | 2275 ||| RETREEEEATING.
  2276 | D:4      | 2276 ||| RETREEEEATING.
  2277 | D:4      | 2277 ||| RETREEEEATING.
  2278 | D:4      | 2278 ||| RETREEEEATING.
  2279 | D:4      | 2279 ||| RETREEEEATING.
  2280 | D:4      | 2280 ||| RETREEEEATING.
  2281 | D:4      | 2281 ||| RETREEEEATING.
  2282 | D:4      | 2282 ||| RETREEEEATING.
  2283 | D:4      | 2283 ||| RETREEEEATING.
  2284 | D:4      | 2284 ||| RETREEEEATING.
  2285 | D:4      | 2285 ||| RETREEEEATING.
  2286 | D:4      | 2286 ||| RETREEEEATING.
  2287 | D:4      | 2287 ||| RETREEEEATING.
  2297 | D:4      | 2297 ||| ZAPPING wand of flame (18) at 0,-1 (Pikel; floor).
  2298 | D:4      | 2298 ||| ZAPPING wand of flame (17) at 0,-1 (Pikel; floor).
  2299 | D:4      | 2299 ||| ZAPPING wand of flame (16) at 0,-1 (Pikel; floor).
  2300 | D:4      | 2300 ||| ZAPPING wand of flame (15) at 0,-1 (Pikel; floor).
  2301 | D:4      | 2301 ||| ZAPPING wand of flame (14) at 0,-1 (Pikel; floor).
  2302 | D:4      | 2302 ||| ZAPPING wand of flame (13) at 0,-1 (Pikel; floor).
  2303 | D:4      | 2303 ||| ZAPPING wand of flame (12) at 0,-1 (Pikel; floor).
  2304 | D:4      | 2304 ||| ZAPPING wand of flame (11) at 0,-1 (Pikel; floor).
  2305 | D:4      | 2305 ||| ZAPPING wand of flame (10) at 0,-1 (Pikel; floor).
  2306 | D:4      | 2306 ||| ZAPPING wand of flame (9) at 0,-1 (Pikel; floor).
  2307 | D:4      | 2307 ||| ZAPPING wand of flame (8) at 0,-1 (Pikel; floor).
  2308 | D:4      | 2308 ||| ZAPPING wand of flame (7) at 0,-1 (Pikel; floor).
  2309 | D:4      | 2309 ||| ZAPPING wand of flame (6) at 0,-1 (Pikel; floor).
  2310 | D:4      | 2310 ||| ZAPPING wand of flame (5) at 0,-1 (Pikel; floor).
  2310 | D:4      | HP: 2/43 [Pikel/+1 whip of freezing (17)]
  2310 | D:4      | Slain by Pikel

Levels and vault maps discovered:
D:1:      tarquinn_simple_flora_water_b, layout_basic, reono_crystal_passage,
          minmay_tetromino_l2
D:2:      minmay_chambers_of_ones, layout_rooms, serial_shops,
          nicolae_shop_back_alley_shop, nicolae_shop_peninsula, shop, shop,
          shop, minmay_misc_feat_four_crosses
D:3:      layout_loops_ring, gammafunk_temple_overflow_statue,
          lemuel_coloured_pillars_altar, serial_shops, nicolae_shop_trees, shop,
          nicolae_shop_gaudy_bauble, nicolae_shop_tiny_waterfront, shop,
          minivault_19, nrook_mini_backslash, grunt_ministairs_9,
          minmay_misc_feat_columns, grunt_decor_arrowhead, uniq_robin,
          uniq_natasha
D:4:      layout_cave_pods, uniq_pikel

Skill      XL: |  1  2  3  4  5  6 |
---------------+-------------------+-----
Ranged Weapons | 5 6 7 |  7.2
Fighting       | 3 4 |  4.2
Armour         | 1 |  1.0
Dodging        | |  1.5
Stealth        | |  1.1

Action                     |  1- 3 |  4- 6 |  7- 9 || total
---------------------------+-------+-------+-------++-------
   Fire: Shortbow          |   117 |   195 |    18 ||   330
  Evoke: Wand              |       |       |    14 ||    14
    Use: Scroll            |     2 |     3 |       ||     5
         Potion            |       |     3 |       ||     3
 Armour: Leather armour    |    11 |     2 |       ||    13
         Ring mail         |       |   147 |    40 ||   187
  Dodge: Dodged            |    19 |    85 |    30 ||   134

Table legend:
 A = Non-vault XP
 B = Vault XP
 C = Vault XP percentage of total XP
 D = Non-vault monster count
 E = Vault monster count
 F = Vault count percentage of total count
                 A         B        C        D         E       F
            +---------+---------+-------+---------+---------+-------
      Total |     504 |     115 |  18.6 |      72 |      17 |  19.1
            +---------+---------+-------+---------+---------+-------
        D:1 |      35 |       6 |  14.6 |      22 |       2 |   8.3
        D:2 |      53 |      43 |  44.8 |      20 |       5 |  20.0
        D:3 |     310 |      66 |  17.6 |      25 |      10 |  28.6
        D:4 |     106 |       0 |   0.0 |       5 |       0 |   0.0
            +---------+---------+-------+---------+---------+-------
